 Dungeon Crawl Stone Soup version 0.25-a0-544-gee0576305d (webtiles) character file.

Game seed: 10263983707392241302, levelgen mode: classic

557 EnegeticOcto the Chopper (level 7, 0/66 HPs)
             Began as a Deep Dwarf Fighter on Feb 20, 2020.
             Slain by a sky beast (4 damage)
             ... on level 5 of the Dungeon.
             The game lasted 00:01:41 (1629 turns).

EnegeticOcto the Chopper (Deep Dwarf Fighter)       Turns: 1629, Time: 00:01:42

Health: 0/66       AC:  9    Str: 22    XL:     7   Next: 9%
Magic:  2/2 (6)    EV:  7    Int: 13    God:
Gold:   110        SH: 14    Dex: 12    Spells: 6/6 levels left

rFire    . . .     SeeInvis .   d - +0 whip of Wondrous Power {antimagic, Int+5} (curse)
rCold    . . .     Gourm    .   m - +0 tower shield
rNeg     . . .     Faith    .   b - +0 scale mail
rPois    .         Spirit   .   (no helmet)
rElec    .         Reflect  .   (no cloak)
rCorr    +         Harm     .   (no gloves)
MR       +....                  j - +1 pair of boots
Stlth    ..........             (no amulet)
HPRegen  0.00/turn              i - ring of resist corrosion (curse)
MPRegen  0.08/turn              (no ring)

@: non-regenerating
A: damage resistance, heal wounds, sense surroundings 1, no regeneration
a: Heal Wounds


You were on level 5 of the Dungeon.
You were not hungry.

You visited 1 branch of the dungeon, and saw 5 of its levels.

You collected 110 gold pieces.

Inventory:

Hand Weapons
 a - a +1 war axe
 d - the cursed +0 whip of Wondrous Power (weapon) {antimagic, Int+5}
   (You found it on level 4 of the Dungeon)

   It reduces the magical energy of the wielder, and disrupts the spells and
   magical abilities of those hit.
   Natural abilities and divine invocations are not affected.
   It affects your intelligence (+5).
   It has a curse placed upon it.
Armour
 b - a +0 scale mail (worn)
 j - a +1 pair of boots (worn)
 m - a +0 tower shield (worn)
Jewellery
 i - a cursed ring of resist corrosion (left hand)
Wands
 r - a wand of paralysis (9)
Scrolls
 c - a scroll of enchant armour
 f - 2 scrolls of teleportation {@r2}
 l - a scroll of blinking {@r3}
Potions
 g - a potion of magic {unknown}
 h - a potion of ambrosia
 k - a potion of might {@q3}
 n - a potion of stabbing {unknown}
 q - a potion of invisibility
 s - 2 potions of heal wounds {@q2}
Comestibles
 e - 5 rations
 o - 6 chunks of flesh


   Skills:
 * Level 4.5 Fighting
 * Level 4.9 Axes
 + Level 4.5 Armour
 - Level 2.6 Dodging
 * Level 4.5 Shields


You had 6 spell levels left.
You didn't know any spells.
Your spell library was empty.

Dungeon Overview and Level Annotations

Branches:
Dungeon (5/15)
 Temple: D:4-7

Altars:
Fedhas
Qazlal
Yredelemnul


Innate Abilities, Weirdness & Mutations

You are resistant to damage.
You can heal yourself by infusing magical energy.
You passively map a small area around you.
You do not regenerate.


Message History

The bullfrog skeleton is severely damaged.
The bullfrog skeleton hits you. Something hits you but does no damage.
The bullfrog skeleton barely misses you.
You hit the bullfrog skeleton.
The bullfrog skeleton is almost destroyed.
A sky beast appears from thin air!
Reactivating autopickup.
The sky beast hits you. The sky beast shocks you.
The bullfrog skeleton hits you.
You are too injured to fight recklessly!
You are too injured to fight recklessly!
You are too injured to fight recklessly!
You are too injured to fight recklessly!
You are too injured to fight recklessly!
You are too injured to fight recklessly!
You are too injured to fight recklessly!
You are too injured to fight recklessly!
You are too injured to fight recklessly!
You are too injured to fight recklessly!
You are too injured to fight recklessly!
You hit the bullfrog skeleton.
The bullfrog skeleton is almost destroyed.
You block the bullfrog skeleton's attack.
The sky beast hits you but does no damage.
The bullfrog skeleton hits you but does no damage.
You block the sky beast's attack.
You hit the sky beast.
The sky beast is moderately wounded.
The bullfrog skeleton hits you. The sky beast hits you.
The sky beast shocks you.
You barely miss the sky beast.
The sky beast is moderately wounded.
You block the bullfrog skeleton's attack.
You block the sky beast's attack.
You block the bullfrog skeleton's attack.
You are too injured to fight recklessly!
You are too injured to fight recklessly!
You are too injured to fight recklessly!
You are too injured to fight recklessly!
You are too injured to fight recklessly!
You are too injured to fight recklessly!
You are too injured to fight recklessly!
You are too injured to fight recklessly!
You are too injured to fight recklessly!
You are too injured to fight recklessly!
Your shield prevents you from hitting the bullfrog skeleton.
The bullfrog skeleton is almost destroyed.
You block the bullfrog skeleton's attack.
You block the sky beast's attack.
You hit the bullfrog skeleton.
The bullfrog skeleton is almost destroyed.
The bullfrog skeleton hits you but does no damage.
The sky beast hits you but does no damage.
You hit the bullfrog skeleton.
You destroy the bullfrog skeleton!
The sky beast completely misses you. You block the sky beast's attack.
Found 8 gold pieces.
You are too injured to fight recklessly!
You are too injured to fight recklessly!
You are too injured to fight recklessly!
You are too injured to fight recklessly!
You are too injured to fight recklessly!
You are too injured to fight recklessly!
You are too injured to fight recklessly!
You are too injured to fight recklessly!
You are too injured to fight recklessly!
You are too injured to fight recklessly!
You are too injured to fight recklessly!
You closely miss the sky beast.
The sky beast is moderately wounded.
You block the sky beast's attack.
You hit the sky beast but do no damage.
The sky beast is moderately wounded.
The sky beast hits you. The sky beast shocks you.
* * * LOW HITPOINT WARNING * * *
You miss the sky beast.
The sky beast is moderately wounded.
You block the sky beast's attack. x2
Your shield and scale mail prevent you from hitting the sky beast.
The sky beast is moderately wounded.
You block the sky beast's attack.
You barely miss the sky beast.
The sky beast is moderately wounded.
The sky beast flickers out of sight!
Deactivating autopickup; reactivate with Ctrl-A.
You block something's attack.
You closely miss something. Something hits you. Something shocks you.
* * * LOW HITPOINT WARNING * * *
You barely miss something. Something hits you. Something shocks you.
* * * LOW HITPOINT WARNING * * *
You hit something. Something hits you.
* * * LOW HITPOINT WARNING * * *
Something shocks you.
* * * LOW HITPOINT WARNING * * *
You closely miss something. Something hits you but does no damage.
Something hits you. Something shocks you.
* * * LOW HITPOINT WARNING * * *
You hit something. Something hits you. Something shocks you.
You die...

..###.... , , .## *...
............ ..# ..
##.......... , ..# *
#:........$ .... *
##.............. .....
.......... ..... , .(...*
......#..>. #...#
....##...........##..... ,
,
.....#.....,#..{@.#.....,
.....(......##......# ,. ,
#....#.# ...).....[.# ,...
, *
##....##............##....
......##................?.
...<.##........##......#..
, .....# ##.............##
.>.....#..............#. ,
..##.......#..##.........


There were no monsters in sight!

Vanquished Creatures
  Grinder (D:4)
  Edmund (D:4)
  An ogre (D:4)
  A bullfrog skeleton (D:5)
  Jessica (D:3)
  2 worker ants
  2 hound skeletons
  2 adders (D:4)
  3 worms
  A ball python (D:4)
  2 giant cockroaches
  2 hobgoblins (D:3)
  7 jackals
  2 quokkas
  6 bats
  A frilled lizard (D:4)
  2 goblins
  A quokka skeleton (D:4)
38 creatures vanquished.

Notes
Turn   | Place    | Note
-------+----------+-------------------------------------------
     0 | D:1      | EnegeticOcto the Deep Dwarf Fighter began the quest for the
                  | Orb.
     0 | D:1      | Reached XP level 1. HP: 20/20 MP: 1/1
   173 | D:3      | Reached XP level 2. HP: 22/27 MP: 2/2
   282 | D:3      | Noticed Jessica
   291 | D:3      | Killed Jessica
   291 | D:3      | Reached XP level 3. HP: 17/34 MP: 3/3
   316 | D:3      | Reached skill level 1 in Dodging
   399 | D:4      | Noticed Grinder
   433 | D:4      | Paralysed by Grinder for 4 turns
   444 | D:4      | Killed Grinder
   444 | D:4      | Reached XP level 4. HP: 24/44 MP: 3/3
   444 | D:4      | Reached XP level 5. HP: 27/50 MP: 4/4
   477 | D:4      | Noticed an ogre
   488 | D:4      | Killed an ogre
   488 | D:4      | Reached XP level 6. HP: 53/57 MP: 5/5
   518 | D:4      | Noticed Edmund
   541 | D:4      | Killed Edmund
  1357 | D:4      | Got a faintly glowing whip
  1358 | D:4      | Identified the cursed +0 whip of Wondrous Power {antimagic,
                  | Int+5} (You found it on level 4 of the Dungeon)
  1384 | D:5      | Entered Level 5 of the Dungeon
  1384 | D:5      | Found a stormy altar of Qazlal.
  1397 | D:5      | Found a blossoming altar of Fedhas.
  1493 | D:5      | Found a basalt altar of Yredelemnul.
  1504 | D:5      | Reached XP level 7. HP: 49/66 MP: 2/6
  1629 | D:5      | Slain by a sky beast

Levels and vault maps discovered:
D:1:      co_arrival_square_in_a_square_in_a_square, layout_basic,
          kennysheep_small_spiral
D:2:      layout_loops_ring, lemuel_crystal_altar, first_ration
D:3:      layout_basic, kiku_gazebo_garden_becter, uniq_jessica
D:4:      layout_basic, uniq_grinder, uniq_edmund
D:5:      layout_cave_pools, grunt_temple_overflow_forces_of_nature,
          lemuel_round_altar

Skill      XL: |  1  2  3  4  5 |
---------------+----------------+-----
Fighting       | 3 4 |  4.5
Dodging        | 2 |  2.6
Axes           | 3 4 |  4.9
Armour         | 4 |  4.5
Shields        | 4 |  4.5

Action                   |  1- 3 |  4- 6 |  7- 9 || total
-------------------------+-------+-------+-------++-------
Melee: War axe           |    78 |    76 |       ||   154
       Whip              |       |    16 |    37 ||    53
 Abil: Heal Wounds       |     4 |     4 |       ||     8
  Use: Scroll            |       |    11 |     1 ||    12
  Eat: Chunk             |       |     2 |     1 ||     3
Armor: Scale mail        |    28 |    35 |    23 ||    86
Dodge: Dodged            |    20 |    36 |     9 ||    65
Block: Kite shield       |    38 |    48 |       ||    86
       Tower shield      |       |     5 |    37 ||    42

Table legend:
 A = Non-vault XP
 B = Vault XP
 C = Vault XP percentage of total XP
 D = Non-vault monster count
 E = Vault monster count
 F = Vault count percentage of total count
                 A         B        C        D         E       F
            +---------+---------+-------+---------+---------+-------
      Total |     344 |     452 |  56.8 |      35 |       3 |   7.9
            +---------+---------+-------+---------+---------+-------
        D:1 |       3 |       0 |   0.0 |       3 |       0 |   0.0
        D:2 |       2 |       0 |   0.0 |       1 |       0 |   0.0
        D:3 |      18 |      37 |  67.3 |       9 |       1 |  10.0
        D:4 |     222 |     415 |  65.1 |      16 |       2 |  11.1
        D:5 |      99 |       0 |   0.0 |       6 |       0 |   0.0
            +---------+---------+-------+---------+---------+-------
